 Dungeon Crawl Stone Soup version 0.29-a0-690-g32ab5fea29 (webtiles) character file.

Game seed: 9010579073966273095

732 KristoblXynda the Skirmisher (level 7, -1/63 HPs)
             Began as a Black Draconian Monk on June 25, 2022.
             Slain by a yak (7 damage)
             ... on level 5 of the Dungeon.
             The game lasted 00:05:02 (4696 turns).

KristoblXynda the Skirmisher (Black Draconian Monk) Turns: 4696, Time: 00:05:03

Health: -1/63      AC:  9    Str: 16    XL:     7   Next: 45%
Magic:  0/7        EV: 14    Int: 10    God:
Gold:   164        SH:  0    Dex: 13    Spells: 6/6 levels left

rFire   . . .      SeeInvis .     - Unarmed
rCold   + . .      Faith    .   (no shield)
rNeg    . . .      Spirit   +   (body armour unavailable)
rPois   .          Reflect  .   (helmet restricted)
rElec   +          Harm     .   (no cloak)
rCorr   .          Rampage  .   c - +0 pair of gloves
Will    .....                   d - +1 pair of boots
Stlth   ++........              l - amulet of guardian spirit
HPRegen 0.20/turn               k - ring of protection from cold
MPRegen 0.10/turn               (no ring)

@: brilliant, about to teleport
A: breathe lightning, AC +6, unfitting armour, electricity resistance,
cold-blooded
a: Breathe Lightning


You were on level 5 of the Dungeon.
You visited 1 branch of the dungeon, and saw 5 of its levels.

You collected 164 gold pieces.

Inventory:

Armour
 c - a +0 pair of gloves (worn)
 d - a +1 pair of boots (worn)
Jewellery
 k - a ring of protection from cold (left hand)
 l - an amulet of guardian spirit (around neck)
Scrolls
 b - a scroll of teleportation
 e - a scroll of immolation
Potions
 a - a potion of ambrosia
 f - a potion of brilliance
 g - 2 potions of curing
 h - a potion of mutation


   Skills:
 + Level 6.1 Fighting
 + Level 5.1 Dodging
 - Level 1.7 Stealth
 + Level 5.6 Unarmed Combat


You had 6 spell levels left.
You didn't know any spells.
Your spell library contained the following spells:

 Spells                   Type           Power      Damage    Failure   Level
 Poisonous Vapours        Pois/Air       0%         N/A       50%         2
 Gell's Gravitas          Tloc           0%         N/A       75%         3
 Teleport Other           Tloc           0%         N/A       75%         3
 Corpse Rot               Necr/Pois/Air  0%         N/A       98%         4
 Dispersal                Tloc           0%         N/A       100%        6


Dungeon Overview and Level Annotations

Branches:
Dungeon (5/15)
 Temple: D:4-7

Altars:
Cheibriados
Hepliaklqana


Innate Abilities, Weirdness & Mutations

You can breathe wild blasts of lightning.
Your glossy black scales are hard. (AC +6)
You cannot fit into any form of body armour.
You are resistant to electric shocks. (rElec)
You are cold-blooded and may be slowed by cold attacks.


Message History

The yak attacks as you move away! The yak gores you!
* * * LOW HITPOINT WARNING * * *
The yak attacks as you move away! The yak gores you!
* * * LOW HITPOINT WARNING * * *
You have got your breath back.
You feel better. The yak completely misses you.
You are confused.
You feel invigorated. The yak gores you but does no damage.
You bump into the rock wall.
The yak gores you but does no damage.
You bump into the rock wall.
The yak closely misses you.
You bump into the rock wall.
The yak gores you! The yak attacks as you move away! The yak gores you.
You feel less invigorated.
You feel less confused.
You hit the yak but do no damage.
The yak is severely wounded.
The yak gores you!
You hit the yak.
You tail-slap the yak, but do no damage.
The yak is almost dead.
The yak gores you but does no damage.
You hit the yak but do no damage. You tail-slap the yak.
The yak is almost dead.
The yak gores you!
* * * LOW HITPOINT WARNING * * *
You barely miss the yak.
The yak is almost dead.
The yak completely misses you.
You hit the yak.
The yak is almost dead.
The yak gores you but does no damage.
You punch the yak!
You kill the yak!
Your Fighting skill increases to level 6!
Your Dodging skill increases to level 5!
The yak attacks as you move away! The yak barely misses you.
The yak attacks as you move away! The yak gores you!
* * * LOW HITPOINT WARNING * * *
As you read the scroll of teleportation, it crumbles to dust.
You feel strangely unstable. The yak gores you!
You die... #.# Y.Y

#†# .... #.#
..... #h#
...Y.. #Y# #.#
#Y# #Y# #@#
#######.#
#.......#
##.###### ###.#
#.#########...#
#.............#
#####.........#
#.........#
#.........#


You could see 3 yaks and a black bear.

Vanquished Creatures
  2 yaks (D:5)
  A black bear (D:3)
  A jelly (D:4)
  2 hounds (D:4)
  Jessica (D:2)
  An iguana (D:5)
  3 orc wizards
  4 adders
  An ufetubus (D:5)
  5 worms
  3 dart slugs
  8 orcs
  8 endoplasms
  2 giant cockroaches
  5 goblins
  4 hobgoblins
  4 quokkas
  8 ball pythons
  12 bats
  4 frilled lizards
  4 kobolds
  10 rats
93 creatures vanquished.

Notes
Turn   | Place    | Note
-------+----------+-------------------------------------------
     0 | D:1      | KristoblXynda the Draconian Monk began the quest for the
                  | Orb.
     0 | D:1      | Reached XP level 1. HP: 19/19 MP: 1/1
   237 | D:1      | Reached XP level 2. HP: 24/26 MP: 2/2
   431 | D:1      | Found a faded altar of an unknown god.
  1279 | D:2      | Reached XP level 3. HP: 18/33 MP: 3/3
  1616 | D:2      | Reached skill level 4 in Fighting
  2399 | D:2      | Noticed Jessica
  2417 | D:2      | Killed Jessica
  2418 | D:2      | Reached XP level 4. HP: 40/40 MP: 4/4
  2738 | D:3      | Found a snail-covered altar of Cheibriados.
  2963 | D:3      | Noticed a black bear
  3360 | D:3      | Killed a black bear
  3361 | D:3      | Reached XP level 5. HP: 47/47 MP: 5/5
  3605 | D:3      | Identified the +3 leather armour of the Accordion {Harm
                  | SInv}
  3699 | D:3      | Reached skill level 5 in Fighting
  4071 | D:4      | Reached XP level 6. HP: 56/56 MP: 6/6
  4441 | D:4      | Found a hazy altar of Hepliaklqana.
  4482 | D:5      | Entered Level 5 of the Dungeon
  4514 | D:5      | Reached skill level 5 in Unarmed Combat
  4637 | D:5      | Noticed a yak
  4637 | D:5      | Noticed a yak
  4637 | D:5      | Noticed a yak
  4637 | D:5      | Noticed a yak
  4649 | D:5      | Noticed a yak
  4665 | D:5      | Killed a yak
  4666 | D:5      | Your scales start taking on a glossy black colour.
  4666 | D:5      | Reached XP level 7. HP: 43/62 MP: 5/7
  4666 | D:5      | Gained mutation: You are resistant to electric shocks.
                  | (rElec) [Black Draconian growth]
  4689 | D:5      | Killed a yak
  4690 | D:5      | Reached skill level 6 in Fighting
  4690 | D:5      | Reached skill level 5 in Dodging
  4696 | D:5      | Slain by a yak

Illustrated notes

Levels and vault maps discovered:
D:1:      ncdulo_halloftheorcs, layout_basic, hellmonk_ecumenical_altar_blasted
D:2:      layout_basic, chequers_serial_rivers_marsh, uniq_jessica
D:3:      minmay_inner_zag, layout_rooms, marbit_many_paths, kennysheep_nub,
          wander_ebering_terrifying_dragon_lair
D:4:      layout_basic, mainiacjoe_overflow_tiny_flanked, enter_ossuary_5
D:5:      layout_basic, grunt_ministairs_8, ebering_dispersal_statue_hall,
          uniq_blork_the_orc

Skill      XL: |  1  2  3  4  5  6  7 |
---------------+----------------------+-----
Dodging        | 3 4 5 |  5.1
Fighting       | 4 5 6 |  6.1
Unarmed Combat | 4 5 |  5.6
Stealth        | |  1.7

Action                   |  1- 3 |  4- 6 |  7- 9 || total
-------------------------+-------+-------+-------++-------
Melee: Unarmed           |   152 |   200 |    11 ||   363
       Tailslap          |    14 |    24 |     4 ||    42
       Punch             |     5 |     8 |       ||    13
 Abil: Breathe Lightning |       |       |     1 ||     1
  Use: Scroll            |       |     8 |     1 ||     9
       Potion            |       |     2 |     2 ||     4
 Stab: Sleeping          |     5 |     5 |       ||    10
Armor: Skin              |    34 |   101 |     6 ||   141
Dodge: Dodged            |    99 |   163 |     7 ||   269

Table legend: (Time is in decaauts)
 A = Elapsed time spent in this place.
 B = Non-inter-level travel time spent in this place.
 C = Inter-level travel time spent in this place.
 D = Time resting spent in this place.
 E = Time spent auto-exploring this place.
 F = Levels seen in this place.
 G = Mean time per level.
                   A        B        C        D        E       F      G
               +--------+--------+--------+--------+--------+-----+--------+
         Total |   4684 |   4506 |    178 |   1180 |   2540 |   5 |  936.8 |
       Dungeon |   4684 |   4506 |    178 |   1180 |   2540 |   5 |  936.8 |
               +--------+--------+--------+--------+--------+-----+--------+

Top non-repeatable levels by time:
     D:2: 1636 daAuts
     D:1: 1255 daAuts
     D:3: 1111 daAuts
     D:4: 489 daAuts
     D:5: 191 daAuts
